 Dungeon Crawl Stone Soup version 0.29-a0-243-g602b31c20e (webtiles) character file.

Game seed: 15667320187395312978

726 sammy202020 the Skirmisher (level 7, -2/66 HPs)
             Began as a Gargoyle Berserker on Mar 5, 2022.
             Was a Believer of Trog.
             Slain by an ogre
             ... wielding a +0 giant spiked club
              (10 damage)
             ... on level 5 of the Dungeon.
             The game lasted 00:09:20 (6382 turns).

sammy202020 the Skirmisher (Gargoyle Berserker)     Turns: 6382, Time: 00:09:21

Health: -2/66      AC: 21    Str: 21    XL:     7   Next: 72%
Magic:  0/7        EV: 10    Int:  9    God:    Trog [**....]
Gold:   995        SH:  0    Dex:  9    Spells: 6/6 levels left

rFire   . . .      SeeInvis .   q - +0 mace (protect)
rCold   . . .      Faith    .   (no shield)
rNeg    + + .      Spirit   +   s - +1 scale mail
rPois   ∞          Reflect  .   (no helmet)
rElec   +          Harm     .   (no cloak)
rCorr   .          Rampage  .   o - +0 pair of gloves
Will    ++...                   (no boots)
Stlth   ..........              h - amulet of guardian spirit
HPRegen 1.21/turn               e - ring of positive energy
MPRegen 0.10/turn               (no ring)

@: berserking (expiring), strong-willed, under a protective aura, regenerating,
very quick
A: sickness immunity, AC +4, negative energy resistance 1, electricity
resistance, torment resistance 1, petrification resistance
a: Renounce Religion, Berserk, Trog's Hand


You were on level 5 of the Dungeon.
You worshipped Trog.
Trog was pleased with you.
You visited 1 branch of the dungeon, and saw 5 of its levels.

You collected 995 gold pieces.

Inventory:

Hand Weapons
 d - a +0 flail
 q - a +0 mace of protection (weapon)
Armour
 o - a +0 pair of gloves (worn)
 s - a +1 scale mail (worn)
Jewellery
 e - a ring of positive energy (left hand)
 h - an amulet of guardian spirit (around neck)
Wands
 m - a wand of mindburst (9)
 p - a wand of iceblast (7)
Scrolls
 i - 2 scrolls of amnesia
 j - a scroll of identify
 t - 2 scrolls of noise
Potions
 a - 3 potions of curing
 c - a potion of brilliance
 g - 2 potions of ambrosia
 k - a potion of degeneration
 l - a potion of haste


   Skills:
 + Level 5.5 Fighting
 + Level 5.1 Maces & Flails
 + Level 4.9 Armour
 + Level 3.6 Dodging


You had 6 spell levels left.
You didn't know any spells.
Your spell library was empty.

Dungeon Overview and Level Annotations

Branches:
Dungeon (5/15)
 Temple: D:4-7

Altars:
Trog
Vehumet
Xom
Yredelemnul


Innate Abilities, Weirdness & Mutations

You are immune to sickness and miasma.
Your stone body is resilient. (AC +4)
You are immune to poison.
You resist negative energy. (rN+)
You are resistant to electric shocks. (rElec)
You are resistant to unholy torment.
You are immune to petrification.


Message History

The hound is almost dead.
The water moccasin bites you. The hound closely misses you.
The water moccasin barely misses you. The hound closely misses you.
You are too injured to fight recklessly!
You are too injured to fight recklessly!
You are too injured to fight recklessly!
You are too injured to fight recklessly!
You are too injured to fight recklessly!
You are too injured to fight recklessly!
Your skin crawls.
You feel strong-willed.
The water moccasin completely misses you.
The ogre hits you with a +0 giant spiked club!
* * * LOW HITPOINT WARNING * * *
The hound closely misses you. The water moccasin misses you.
A red film seems to cover your vision as you go berserk!
You feel yourself moving faster!
You feel mighty! The hound bites you but does no damage.
The ogre hits you but does no damage.
The water moccasin bites you but does no damage.
The hound bites you but does no damage.
You closely miss the water moccasin.
The water moccasin bites you but does no damage.
The hound closely misses you. The ogre barely misses you.
You miss the water moccasin. The water moccasin barely misses you.
The hound bites you.
* * * LOW HITPOINT WARNING * * *
You barely miss the water moccasin. The hound bites you but does no damage.
The water moccasin barely misses you.
The ogre hits you with a +0 giant spiked club!
* * * LOW HITPOINT WARNING * * *
You miss the water moccasin. The hound bites you but does no damage.
The water moccasin bites you.
* * * LOW HITPOINT WARNING * * *
The hound bites you but does no damage.
You sock the water moccasin!
Your weapon exudes an aura of protection.
The water moccasin is severely wounded.
The water moccasin closely misses you.
The ogre hits you with a +0 giant spiked club!
You die...

..........###....
..#. #.......(.#
.... ....
#.^.......# ....
.... #.........#
.. >...
#.........## ....
###........# ....
#........# .#
#........#
#....S@..#
#....Oh..#
#...........
#.............
#.....<.......
#.............
...####+#......
##. #.....


You could see a water moccasin, an ogre and a hound.

Vanquished Creatures
  Grinder (D:4)
  2 ice beasts (D:5)
  Blork the orc (D:4)
  A jelly (D:5)
  2 orc wizards (D:4)
  6 gnolls (D:4)
  3 adders
  2 ufetubi (D:4)
  2 worms
  5 dart slugs
  6 orcs
  6 ball pythons
  7 bats
  3 endoplasms
  3 giant cockroaches
  10 hobgoblins
  2 jackals (D:1)
  3 quokkas
  5 frilled lizards
  2 goblins (D:1)
  9 kobolds
  7 rats
88 creatures vanquished.

Vanquished Creatures (others)
  4 plants (D:2)
4 creatures vanquished.

Grand Total: 92 creatures vanquished

Notes
Turn   | Place    | Note
-------+----------+-------------------------------------------
     0 | D:1      | sammy202020 the Gargoyle Berserker began the quest for the
                  | Orb.
     0 | D:1      | Reached XP level 1. HP: 14/14 MP: 1/1
   844 | D:1      | Reached XP level 2. HP: 17/19 MP: 2/2
  1732 | D:2      | Reached XP level 3. HP: 24/24 MP: 3/3
  1750 | D:2      | Reached ** piety under Trog
  2732 | D:3      | Found a shimmering altar of Xom.
  2734 | D:3      | Found a basalt altar of Yredelemnul.
  2754 | D:3      | Reached XP level 4. HP: 29/29 MP: 4/4
  3812 | D:3      | Found a faded altar of an unknown god.
  3885 | D:4      | Reached XP level 5. HP: 16/33 MP: 2/5
  4085 | D:4      | Noticed Grinder
  4119 | D:4      | Paralysed by Grinder for 6 turns
  4132 | D:4      | Killed Grinder
  4133 | D:4      | Reached XP level 6. HP: 16/40 MP: 2/6
  4460 | D:4      | Noticed Blork the orc
  4470 | D:4      | Killed Blork the orc
  4471 | D:4      | Reached skill level 5 in Fighting
  4471 | D:4      | Reached XP level 7. HP: 35/44 MP: 7/7
  4685 | D:4      | Found a radiant altar of Vehumet.
  4736 | D:4      | Found a bloodstained altar of Trog.
  5310 | D:4      | Identified a scroll of acquirement
  5310 | D:4      | Acquired 778 gold pieces
  5579 | D:5      | Entered Level 5 of the Dungeon
  6005 | D:5      | Reached skill level 5 in Maces & Flails
  6382 | D:5      | Slain by an ogre

Illustrated notes

Levels and vault maps discovered:
D:1:      dpeg_arrival_prison, layout_basic, minmay_misc_feat_five,
          chequers_arboretum, kennysheep_decorative_pillar
D:2:      layout_basic, serial_forest, infiniplex_forest_clump_diagonal,
          infiniplex_forest_end_1, infiniplex_forest_corner_1,
          infiniplex_forest_clump_long, infiniplex_forest_zigzag_2,
          roderic_lattice_a
D:3:      layout_basic, grunt_temple_overflow_open,
          shapermc_ecumenical_altar_hornbeckon
D:4:      minmay_spotlight, layout_basic, mainiacjoe_overflow_swirl,
          kennysheep_cross_bottleneck, minmay_a_box_with_orc_wizards_in_it,
          uniq_grinder, uniq_blork_the_orc
D:5:      layout_basic, serial_shops, nicolae_shop_statue_plus

Skill      XL: |  1  2  3  4  5  6  7 |
---------------+----------------------+-----
Dodging        | 2 3 |  3.6
Armour         | 3 4 |  4.9
Fighting       | 4 5 |  5.5
Maces & Flails | 4 5 |  5.1

Action                   |  1- 3 |  4- 6 |  7- 9 || total
-------------------------+-------+-------+-------++-------
Melee: Whip              |   179 |    57 |       ||   236
       Mace              |    13 |   108 |   120 ||   241
       Punch             |     4 |     2 |     2 ||     8
Invok: Berserk           |       |     2 |     3 ||     5
       Trog's Hand       |       |     1 |     2 ||     3
  Use: Scroll            |       |       |    16 ||    16
 Stab: Sleeping          |     1 |       |       ||     1
Armor: Animal skin       |    60 |       |       ||    60
       Leather armour    |    41 |   100 |     2 ||   143
       Scale mail        |       |       |    81 ||    81
Dodge: Dodged            |   152 |   122 |    80 ||   354

Table legend: (Time is in decaauts)
 A = Elapsed time spent in this place.
 B = Non-inter-level travel time spent in this place.
 C = Inter-level travel time spent in this place.
 D = Time resting spent in this place.
 E = Time spent auto-exploring this place.
 F = Levels seen in this place.
 G = Mean time per level.
                   A        B        C        D        E       F      G
               +--------+--------+--------+--------+--------+-----+--------+
         Total |   6457 |   6249 |    208 |    826 |   4368 |   5 | 1291.4 |
       Dungeon |   6457 |   6249 |    208 |    826 |   4368 |   5 | 1291.4 |
               +--------+--------+--------+--------+--------+-----+--------+

Top non-repeatable levels by time:
     D:4: 1776 daAuts
     D:1: 1681 daAuts
     D:3: 1362 daAuts
     D:5: 829 daAuts
     D:2: 807 daAuts
